 Dungeon Crawl Stone Soup version 0.29.0-15-g675c0067aa (webtiles) character file.

Game seed: 8026372589014606040

3 qw the Sneak (level 1, -6/14 HPs)
             Began as a Gargoyle Delver on Sept 11, 2022.
             Killed by divine providence
             ... invoked by an orc priest
              (11 damage)
             ... on level 4 of the Dungeon.
             The game lasted 00:00:01 (43 turns).

qw the Sneak (Gargoyle Delver)                        Turns: 43, Time: 00:00:02

Health: -6/14      AC:  5    Str: 15    XL:     1   Next: 50%
Magic:  1/1        EV: 11    Int: 10    God:
Gold:   14         SH:  0    Dex: 11    Spells: 0/0 levels left

rFire   . . .      SeeInvis .   a - +0 hand axe
rCold   . . .      Faith    .   (no shield)
rNeg    + . .      Spirit   .   b - +0 leather armour
rPois   inf        Reflect  .   (no helmet)
rElec   +          Harm     .   (no cloak)
rCorr   .          Rampage  .   (no gloves)
Will    .....                   (no boots)
Stlth   +++.......              (no amulet)
HPRegen 0.04/turn               (no ring)
MPRegen 0.07/turn               (no ring)

@: no status effects
A: sickness immunity, AC +2, negative energy resistance 1, electricity
resistance, torment resistance 1, petrification resistance
a: no special abilities


You were on level 4 of the Dungeon.
You visited 1 branch of the dungeon, and saw 2 of its levels.

You collected 14 gold pieces.


Innate Abilities, Weirdness & Mutations

You are immune to sickness and miasma.
Your stone body is resilient. (AC +2)
You are immune to poison.
You resist negative energy. (rN+)
You are resistant to electric shocks. (rElec)
You are resistant to unholy torment.
You are immune to petrification.


   Skills:
 - Level 3.2 Fighting
 + Level 2.1 Axes
 - Level 1.5 Dodging
 - Level 5.4 Stealth


You couldn't memorise any spells.
You didn't know any spells.
Your spell library was empty.

Inventory:

Hand Weapons
 a - a +0 hand axe (weapon)
Armour
 b - a +0 leather armour (worn)
Wands
 g - a wand of digging (3)
Potions
 f - a potion of haste

Dungeon Overview and Level Annotations

Branches:
Dungeon (5/15)
 Temple: D:4-7

Altars:
Vehumet


Message History

Existing waypoints: (2) D:5 Assign waypoint to what number? (0-9, D - delete waypoint) Waypoint 1 assigned to D:4.
Enter note: An orc comes into view. It is wielding a +0 dagger.
An orc comes into view. It is wielding a +0 trident.
36 ||| Stepping ~*~*~tactically~*~*~ (hiding).
An orc priest comes into view. It is wielding a +0 flail.
The orc hits you but does no damage.
There is a stone staircase leading down here.
38 ||| Stepping ~*~*~tactically~*~*~ (stealth).
The hobgoblin attacks as you move away! The hobgoblin hits you.
An orc comes into view. It is wielding a +0 short sword.
You hit the orc but do no damage. You hit the hobgoblin but do no damage.
The orc hits you with a +0 dagger. The hobgoblin hits you.
You barely miss the orc. You hit the hobgoblin.
A quokka comes into view.
The hobgoblin hits you.
An orc comes into view. It is wielding a +0 club.
The orc hits you but does no damage. The orc closely misses you.
The orc shouts!
You hit the hobgoblin.
You kill the hobgoblin!
You hit the orc.
You hear a shout!
The orc hits you but does no damage. The orc barely misses you.
An endoplasm comes into view.
You slash the orc!
You kill the orc!
The orc hits you from afar with a +0 trident.
Your Axes skill increases to level 2!
You hit the orc.
The orc is heavily wounded.
The orc hits you from afar with a +0 trident.
The quokka closely misses you. The orc closely misses you.
The orc priest invokes the aid of Beogh against you.
Beogh smites you!
Ouch! That really hurt!
You die...

##.############
#..............
..J.........#
#>.........#
#.......).#
#.........#
#$..oro..#
#..oo>@#
#...#### #.. #o
#


You could see an orc priest, 3 orcs, an endoplasm and a quokka.

Vanquished Creatures
  An orc (D:4)
  A hobgoblin (D:4)
2 creatures vanquished.

Notes
Turn   | Place    | Note
-------+----------+-------------------------------------------
     0 | D:5      | qw the Gargoyle Delver began the quest for the Orb.
     0 | D:5      | Reached XP level 1. HP: 14/14 MP: 1/1
     0 | D:5      | 0 ||| qw: Version: 0.1-a-118-gb4e7ce6
     0 | D:5      | 0 ||| qw: Game counter: 10433
     0 | D:5      | 0 ||| qw: Always use a shield: true
     0 | D:5      | 0 ||| qw: God list: Okawaru
     0 | D:5      | 0 ||| qw: Allow faded altars: false
     0 | D:5      | 0 ||| qw: Do Orc after D:15 true
     0 | D:5      | 0 ||| qw: Do second Lair branch before Depths: true
     0 | D:5      | 0 ||| qw: Lair rune preference: random
     0 | D:5      | 0 ||| qw: Plans: Normal
     0 | D:5      | 0 ||| PLANNING D:1-11
     1 | D:5      | Found a radiant altar of Vehumet.
    15 | D:5      | 15 ||| Stepping ~*~*~tactically~*~*~ (stealth).
    16 | D:5      | 16 ||| Stepping ~*~*~tactically~*~*~ (stealth).
    21 | D:5      | 21 ||| DROPPING scroll of fog.
    22 | D:5      | 22 ||| DROPPING scroll of magic mapping.
    23 | D:5      | 23 ||| DROPPING scroll of fear.
    36 | D:4      | 36 ||| Stepping ~*~*~tactically~*~*~ (hiding).
    37 | D:4      | Noticed an orc priest
    38 | D:4      | 38 ||| Stepping ~*~*~tactically~*~*~ (stealth).
    43 | D:4      | Killed from afar by an orc priest

Levels and vault maps discovered:
D:4:      layout_cave_pods, ebering_ghost_rock_garden, uniq_grinder, uniq_robin
D:5:      layout_cave_pools, dreamdust_divine_triumvirate,
          mainiacjoe_overflow_catwalk, serial_shops, nicolae_lakefront_shop,
          nicolae_lakefront_shop, shop_fountains, gup_ossuary_entry_pyramid,
          minmay_manual_mares

Skill      XL: |  1 |
---------------+----+-----
Axes           | 2 |  2.1
Fighting       | |  3.2
Dodging        | |  1.5
Stealth        | |  5.4

Action                   || total
-------------------------++-------
Melee: Hand axe          ||     5
Armor: Leather armour    ||     3
Dodge: Dodged            ||     4

Table legend:
 A = Non-vault XP
 B = Vault XP
 C = Vault XP percentage of total XP
 D = Non-vault monster count
 E = Vault monster count
 F = Vault count percentage of total count
                 A         B        C        D         E       F
            +---------+---------+-------+---------+---------+-------
      Total |       5 |       0 |   0.0 |       2 |       0 |   0.0
            +---------+---------+-------+---------+---------+-------
        D:4 |       5 |       0 |   0.0 |       2 |       0 |   0.0
            +---------+---------+-------+---------+---------+-------
